 Dungeon Crawl Stone Soup version 0.28-a0-511-gcc94558de3 (webtiles) character file.

Game seed: 11651666640590961630

1907 Umoon the Skirmisher (level 8, -6/66 (83) HPs)
             Began as a Troll Delver on Sept 21, 2021.
             Was an Initiate of Gozag.
             Mangled by a wight (13 damage)
             ... on level 6 of the Dungeon.
             The game lasted 00:10:35 (5922 turns).

Umoon the Skirmisher (Troll Delver)                 Turns: 5922, Time: 00:10:35

HP:   -6/66 (83)    AC:  4    Str: 21    XL:     8   Next: 94%
MP:   7/7           EV: 11    Int:  8    God:    Gozag
Gold: 1069          SH:  0    Dex: 11    Spells: 7/7 levels left

rFire   . . .      SeeInvis .   j - +4 spear
rCold   . . .      Faith    .   (no shield)
rNeg    . . .      Spirit   .   b - +0 robe
rPois   .          Reflect  .   (helmet restricted)
rElec   .          Harm     .   (no cloak)
rCorr   .          Rampage  .   (gloves unavailable)
Will    .....                   (boots unavailable)
Stlth   ++........              k - amulet of the acrobat
HPRegen 1.21/turn               p - ring of flight
MPRegen 0.10/turn               (no ring)

@: flying, heavily drained
A: large, unfitting armour, claws 3, regeneration 1, shaggy fur 1, tough skin 1
a: Renounce Religion, Potion Petition, Call Merchant, Bribe Branch


You were on level 6 of the Dungeon.
You worshipped Gozag.
Gozag was most pleased with you.
You visited 2 branches of the dungeon, and saw 8 of its levels.

You collected 1078 gold pieces.
You paid 9 gold pieces to Gozag.

Inventory:

Hand Weapons
 a - a +0 hand axe
 d - a +0 war axe
 j - a +4 spear (weapon)
Missiles
 y - a throwing net (quivered)
Armour
 b - a +0 robe (worn)
Jewellery
 k - an amulet of the acrobat (around neck)
 p - a ring of flight (left claw)
 z - the amulet of the Four Winds {rN+ Will+++ Clar}
   (You found it on level 5 of the Dungeon)

   [amulet of nothing]

   rN:        It protects you from negative energy.
   Clar:      It protects you against confusion.
   Will:      It greatly increases your willpower.
 B - a ring of see invisible
Wands
 g - a wand of digging (3)
 h - a wand of paralysis (10)
 s - a wand of acid (18)
 u - a wand of flame (25)
 E - a wand of charming (10)
Scrolls
 c - 2 scrolls of fog
 n - 2 scrolls of vulnerability {unknown}
 o - 2 scrolls of enchant armour {unknown}
 r - 2 scrolls of identify {unknown}
 v - 2 scrolls of immolation {unknown}
 w - a scroll of teleportation {unknown}
 A - a scroll of silence {unknown}
 C - a scroll of brand weapon {unknown}
 F - a scroll of enchant weapon {unknown}
Potions
 f - 2 potions of haste
 i - a potion of brilliance {unknown}
 l - 2 potions of curing {unknown}
 m - 2 potions of mutation {unknown}
 q - a potion of might {unknown}
 t - a potion of flight {unknown}
 x - a potion of heal wounds {unknown}
 D - a potion of lignification {unknown}
 G - a potion of berserk rage {unknown}


   Skills:
 + Level 6.1 Fighting
 + Level 5.7 Axes
 + Level 5.8 Dodging
 - Level 2.8 Stealth


You had 7 spell levels left.
You didn't know any spells.
Your spell library contained the following spells:

 Spells                   Type           Power      Damage    Failure   Level
 Passwall                 Tmut/Erth      0%         N/A       54%         2
 Swiftness                Air            0%         N/A       78%         3
 Invisibility             Hex            0%         N/A       100%        6


Dungeon Overview and Level Annotations

Branches:
Dungeon (7/15)             Temple (1/1) D:5

Altars:
Ashenzari
Cheibriados
Dithmenos
Elyvilon
Fedhas
Gozag
Hepliaklqana
Kikubaaqudgha
Makhleb
Nemelex Xobeh
Okawaru
Qazlal
Ru
Sif Muna
Trog
Vehumet
Wu Jian
Xom
Yredelemnul
The Shining One

Shops:
D:4 *


Innate Abilities, Weirdness & Mutations

You are too large for most types of armour.
You have claws for hands.
Your natural rate of healing is unusually fast.
You are covered in fur. (AC +1)
You have tough skin. (AC +1)


Message History

The wight hits you with a +2 mace.
You feel drained.
You fly upwards.
There is a stone staircase leading down here.
You hit the wight.
The wight is lightly damaged.
The wight hits you with a +2 mace.
You feel drained.
You closely miss the wight.
The wight is lightly damaged.
The wight barely misses you.
You barely miss the wight.
The wight is lightly damaged.
The wight hits you with a +2 mace!
You feel drained.
You hit the wight but do no damage.
The wight is lightly damaged.
The wight hits you with a +2 mace.
You feel drained.
You closely miss the wight.
The wight is lightly damaged.
You hit the wight.
The wight is moderately damaged.
The wight hits you with a +2 mace.
* * * LOW HITPOINT WARNING * * *
You feel drained.
* * * LOW HITPOINT WARNING * * *
You puncture the wight!
The wight is severely damaged.
The wight hits you with a +2 mace.
* * * LOW HITPOINT WARNING * * *
You hit the wight.
The wight is almost destroyed.
The wight hits you with a +2 mace!
* * * LOW HITPOINT WARNING * * *
You barely miss the wight.
The wight is almost destroyed.
The wight hits you with a +2 mace.
* * * LOW HITPOINT WARNING * * *
You hit the wight but do no damage.
The wight is almost destroyed.
The wight hits you with a +2 mace!
You die...
Your body crumbles into a pile of gold.

.........####..#.#.# #######
...♣♣♣♣♣....#....#.# #......
.♣♣♣...♣♣♣..#.#..#.# ###.###
♣♣♣......♣..#.#..#.# #.....
♣...♣♣♣.....#.#..#.# #.....
...♣♣♣♣♣♣...#.#..#.#########.....
.♣♣♣...♣♣♣..#.#..#.#.......#.....
♣♣..._......#.#z.#.#.#####.#.....
................@#.#.# #.#.....
.#.####.#####....#.#.# #.#.....
.#.##.#.# #.##.#.#.# #.#.....
.#.#..#.# #.##.#.#.# #.#.....
.#.##.#.#####.##.#.#.# #.#.....
......#.#........#.#.# #.##.###
.#..###.#.###.#..#.#.# #.##.#
.#...........<#..#[#.# #.##.#
..............####.#.# #.##.#


You could see a wight.

Vanquished Creatures
  Grinder (D:5)
  Menkaure (D:7)
  A water moccasin (D:4)
  2 ice beasts (D:5)
  2 necrophages (D:3)
  A phantom (D:4)
  A kobold brigand (D:7)
  2 scorpions
  A water moccasin zombie (D:6)
  A howler monkey (D:5)
  A bullfrog zombie (D:6)
  A centaur zombie (D:7)
  A jelly (D:5)
  5 hounds
  A gnoll shaman (D:5)
  2 orc priests (D:4)
  A bullfrog skeleton (D:5)
  An iguana (D:5)
  Natasha (thrice) (D:2)
  3 orc wizards
  A mummy (D:5)
  Robin (D:3)
  6 gnolls
  6 adders
  2 ufetubi
  A worm (D:3)
  3 dart slugs
  7 orcs
  3 ball pythons
  7 endoplasms
  2 giant cockroaches
  18 goblins
  8 hobgoblins
  2 jackals (D:4)
  2 quokkas
  8 bats
  7 frilled lizards
  11 kobolds
  9 rats
136 creatures vanquished.

Notes
Turn   | Place    | Note
-------+----------+-------------------------------------------
     0 | D:5      | Umoon the Troll Delver began the quest for the Orb.
     0 | D:5      | Reached XP level 1. HP: 22/22 MP: 0/0
     8 | D:5      | Found a staircase to the Ecumenical Temple.
    75 | Temple   | Entered the Ecumenical Temple
   244 | Temple   | Became a worshipper of Gozag Ym Sagoz the Greedy
   324 | D:5      | Noticed Grinder
   324 | D:5      | Paralysed by Grinder for 7 turns
   339 | D:5      | Paralysed by Grinder for 4 turns
   484 | D:4      | Noticed a necrophage
   571 | D:2      | Reached XP level 2. HP: 29/29 MP: 1/1
   793 | D:2      | Noticed Natasha
   800 | D:2      | Killed Natasha
   801 | D:2      | Reached XP level 3. HP: 30/36 MP: 2/2
   889 | D:2      | Noticed Natasha
   902 | D:2      | Killed Natasha
   903 | D:2      | Reached skill level 3 in Fighting
   989 | D:2      | Reached XP level 4. HP: 45/45 MP: 3/3
  1200 | D:2      | Noticed Natasha
  1213 | D:2      | Killed Natasha
  2164 | D:3      | Noticed Robin
  2175 | D:3      | Reached XP level 5. HP: 52/53 MP: 4/4
  2193 | D:3      | Killed Robin
  2638 | D:3      | Found a glowing golden altar of the Shining One.
  3025 | D:3      | Killed a necrophage
  3026 | D:3      | Reached XP level 6. HP: 32/62 MP: 5/5
  3164 | D:3      | Reached skill level 4 in Fighting
  3270 | D:4      | Reached XP level 7. HP: 55/70 MP: 6/6
  3604 | D:4      | Found Nimp's Overcharged Wands.
  4146 | D:5      | Found the amulet of the Four Winds {rN+ Will+++ Clar}
  4222 | D:5      | Killed Grinder
  4223 | D:5      | Reached skill level 5 in Fighting
  4223 | D:5      | Reached XP level 8. HP: 29/80 MP: 7/7
  4303 | D:5      | Found a hazy altar of Hepliaklqana.
  4373 | D:5      | Reached skill level 5 in Dodging
  4462 | D:5      | Reached skill level 5 in Axes
  4695 | D:6      | Found a snail-covered altar of Cheibriados.
  4982 | D:6      | Found an iron altar of Okawaru.
  5679 | D:7      | Reached skill level 6 in Fighting
  5789 | D:7      | Noticed Menkaure
  5795 | D:7      | Killed Menkaure
  5922 | D:6      | Mangled by a wight

Illustrated notes

Levels and vault maps discovered:
D:1:      minmay_arrival_wavy_path, layout_rooms
D:2:      layout_loops_corners, minmay_misc_feat_square, minivault_4,
          minmay_octomino_e4, uniq_natasha
D:3:      layout_loops_corners, nicolae_tso_carved_into_rock,
          chequers_serial_rivers_room_b, eino_tiny_chamber, uniq_robin
D:4:      layout_loops_corners, nicolae_shop_overcharged_wands
D:5:      layout_gridville, mainiacjoe_overflow_alcove_1,
          minmay_temple_entry_statues_fountains, gup_ossuary_entry_pyramid,
          uniq_prince_ribbit1, uniq_grinder
D:6:      layout_basic, mainiacjoe_overflow_catch_the_wave
D:7:      kennysheep_housing_project, layout_basic, grunt_ministairs_7,
          minmay_ruined_shrine, uniq_menkaure
Temple:   nicolae_temple_elliptical

Skill      XL: |  1  2  3  4  5  6  7  8 |
---------------+-------------------------+-----
Axes           | 2 3 4 5 |  5.7
Dodging        | 2 3 4 5 |  5.8
Fighting       | 3 4 5 6 |  6.1
Stealth        | |  2.8

Action                   |  1- 3 |  4- 6 |  7- 9 || total
-------------------------+-------+-------+-------++-------
Melee: Unarmed           |    47 |       |       ||    47
       Hand axe          |     6 |       |       ||     6
       Spear             |    26 |   210 |   317 ||   553
Evoke: Wand              |       |       |     1 ||     1
  Use: Scroll            |     1 |       |     2 ||     3
 Stab: Sleeping          |     4 |     9 |     3 ||    16
       Distracted        |     1 |       |     4 ||     5
       Paralysed         |       |       |     4 ||     4
Armor: Robe              |    17 |    49 |    63 ||   129
Dodge: Dodged            |    29 |    70 |   189 ||   288

Table legend: (Time is in decaauts)
 A = Elapsed time spent in this place.
 B = Non-inter-level travel time spent in this place.
 C = Inter-level travel time spent in this place.
 D = Time resting spent in this place.
 E = Time spent auto-exploring this place.
 F = Levels seen in this place.
 G = Mean time per level.
                   A        B        C        D        E       F      G
               +--------+--------+--------+--------+--------+-----+--------+
         Total |   5921 |   5687 |    234 |    191 |   3943 |   8 |  740.1 |
       Dungeon |   5703 |   5482 |    221 |    191 |   3813 |   7 |  814.7 |
        Temple |    217 |    204 |     13 |      0 |    130 |   1 |  217.0 |
               +--------+--------+--------+--------+--------+-----+--------+

Top non-repeatable levels by time:
     D:3: 1147 daAuts
     D:4: 1140 daAuts
     D:2: 992 daAuts
     D:6: 890 daAuts
     D:5: 682 daAuts
     D:1: 510 daAuts
     D:7: 340 daAuts
  Temple: 217 daAuts
